 Dungeon Crawl Stone Soup version 0.15.1-2-g8fbdab7 (webtiles) character file.

16275 Johnny the Chiller (level 11, -12/91 HPs)
             Began as a Demigod Ice Elementalist on Sept 30, 2014.
             Mangled by an eldritch tentacle (16 damage)
             ... called by miscasting Monstrous Menagerie
             ... on Level 8 of the Lair of Beasts.
             The game lasted 00:55:37 (15407 turns).

Johnny the Chiller (Demigod Ice Elementalist)      Turns: 15407, Time: 00:55:37

HP -12/91        AC 23     Str 12      XL: 11   Next: 78%
MP  15/27        EV 11     Int 25      God:
Gold 601         SH  0     Dex 17      Spells:  6 memorised,  0 levels left

rFire  . . .     SeeInvis .     Q - +1 mace (protect)
rCold  . . .     Clarity  .     C - +4 ring mail {rPois}
rNeg   + . .     rCorr    .     (no shield)
rPois  +         rRot     .     K - +0 helmet
rElec  .         Spirit   .     D - +2 cloak
SustAb .         Warding  .     M - +2 pair of gloves
rMut   .         Stasis   .     u - +0 pair of boots
Gourm  .                        (no amulet)
MR     +....                    J - ring of wizardry
                                z - ring of positive energy

@: very slightly contaminated, hasted, very quick, somewhat resistant to hostile
enchantments, fairly stealthy
A: no striking features
a: no special abilities


You were on level 8 of the Lair of Beasts.
You were hungry.

You visited 2 branches of the dungeon, and saw 16 of its levels.

You collected 800 gold pieces.
You spent 199 gold pieces at shops.

Inventory:

Hand weapons
 Q - a +1 mace of protection (weapon)
Armour
 u - a +0 pair of boots (worn)
 C - a +4 ring mail of poison resistance (worn)
 D - a +2 cloak (worn)
 K - a +0 helmet (worn)
 M - a +2 pair of gloves (worn)
Magical devices
 k - a wand of digging (7)
 n - a wand of slowing (7)
 p - a wand of disintegration (11) {unknown}
 E - a wand of paralysis (10) {unknown}
 L - a wand of confusion (6)
 N - a wand of heal wounds (5)
 V - a wand of enslavement (5)
 W - a wand of confusion (4)
Comestibles
 c - 9 bread rations
 h - 11 fruits
 q - 3 chunks of komodo dragon flesh
 w - 2 beef jerkies
 A - a rotting chunk of steam dragon flesh
 B - 5 meat rations
 O - 5 rotting chunks of sheep flesh
 U - 6 slices of pizza
Scrolls
 d - 3 scrolls of fog
 g - a scroll of fear
 m - a scroll of recharging
 o - 7 scrolls of magic mapping
 t - a scroll of blinking {unknown}
 v - 2 scrolls of immolation {unknown}
 x - a scroll of holy word {unknown}
 I - a scroll of amnesia {unknown}
 R - a scroll of enchant weapon {unknown}
 Y - 3 scrolls of remove curse
Jewellery
 f - an uncursed ring of positive energy
 j - an uncursed ring of see invisible
 z - a ring of positive energy (left hand)
 J - a ring of wizardry (right hand)
 T - a +2 ring of evasion
Potions
 a - 10 potions of curing
 e - 4 potions of magic
 l - 6 potions of heal wounds
 s - 4 potions of brilliance
 G - 5 potions of poison
 H - a potion of berserk rage
 S - a potion of flight {unknown}
Books
 b - a book of Frost

   Spells                             Type                      Level
   *Freeze                            Ice                          1
   Throw Frost                        Conjuration/Ice              2
   *Ozocubu's Armour                  Charms/Ice                   3
   *Throw Icicle                      Conjuration/Ice              4
   *Summon Ice Beast                  Ice/Summoning                4
   Condensation Shield                Ice                          4
 r - a book of Geomancy

   Spells                             Type                      Level
   Sandblast                          Earth                        1
   Stoneskin                          Transmutation/Earth          2
   Passwall                           Transmutation/Earth          3
   Stone Arrow                        Conjuration/Earth            3
   Petrify                            Transmutation/Earth          4
   Lee's Rapid Deconstruction         Earth                        5
 F - a book of the Sky

   Spells                             Type                      Level
   Flight                             Charms/Air                   3
   *Airstrike                         Air                          4
   Silence                            Hexes/Air                    5
   Deflect Missiles                   Charms/Air                   6
   Conjure Ball Lightning             Conjuration/Air              6
   Tornado                            Air                          9
 P - a book of Beasts

   Spells                             Type                      Level
   Summon Butterflies                 Summoning                    1
   Call Canine Familiar               Summoning                    3
   *Summon Ice Beast                  Ice/Summoning                4
   Summon Mana Viper                  Hexes/Summoning              5
   *Monstrous Menagerie               Summoning                    6
   Summon Hydra                       Summoning                    7


   Skills:
 * Level 6.6 Fighting
 + Level 4.4 Armour
 * Level 6.0 Dodging
 + Level 5.3 Stealth
 * Level 6.1 Spellcasting
 * Level 5.2 Conjurations
 * Level 5.1 Charms
 * Level 6.3 Summonings
 * Level 7.3 Ice Magic
 * Level 0.3 Air Magic
 * Level 5.7 Evocations


You couldn't memorise any spells.
You knew the following spells:

 Your Spells              Type           Power        Failure   Level  Hunger
a - Freeze                Ice            ####         1%          1    None
b - Summon Ice Beast      Ice/Summ       #####...     4%          4    ###....
c - Ozocubu's Armour      Chrm/Ice       #####...     1%          3    #......
d - Throw Icicle          Conj/Ice       #####...     4%          4    ###....
e - Monstrous Menagerie   Summ           #####.....   69%         6    ######.
f - Airstrike             Air            #.........   56%         4    ###....


Dungeon Overview and Level Annotations

Branches:
Dungeon (8/15)             Temple (0/1) D:7            Lair (8/8) D:8
  Swamp (0/5) Lair:4        Snake (0/5) Lair:3        Slime (0/6) Lair:6

Shops:
D:6 [*

Annotations:
D:4 ch1llma's ghost, average HOFi


Message History

You are feeling hungry.
Unknown command.
You enter the shallow water.
Moving in this stuff is going to be slow.
The swamp drake bites you but does no damage.
The swamp drake breathes noxious fumes at you.
The noxious blast misses you.
An eldritch tentacle comes into view.
Drink which item? (? for menu, Esc to quit)
You feel yourself speed up. The eldritch tentacle misses you.
The eldritch tentacle claws you. The eldritch tentacle freezes you!!
The swamp drake bites you. The eldritch tentacle slaps you!!
The air around you burns with energy! The eldritch tentacle claws you.
Space bends around you.
* * * LOW HITPOINT WARNING * * *
The swamp drake breathes noxious fumes at you.
The noxious blast hits you! The eldritch tentacle slaps you!!
* * * LOW HITPOINT WARNING * * *
The eldritch tentacle freezes you!
You die...

.P.......#......##
P...........%....#
..P.#............#♣
....PP............♣♣♣♣ ≈
....PP...........P♣≈≈♣.≈≈(
...............*.$≈k≈≈≈≈..
................*k≈♣♣.≈♣.♣
............(..§§w♣♣ ♣
...............§@P♣
.......#..P....§§####
..PP...##............
...P....##...........
.#....###............
.....................
......................
.....................
..#................


You could see an eldritch tentacle and 2 swamp drakes.

Vanquished Creatures
  A black mamba (Lair:1)
  2 spiny frogs
  A komodo dragon (Lair:8)
  2 blink frogs (Lair:2)
  A troll (D:8)
  A fire bat (Lair:4)
  4 yaks
  A fire elemental (Lair:4)
  2 water moccasins
  4 wolves
  2 porcupines
  2 centaurs (D:8)
  A phantom (D:7)
  An ogre (D:4)
  2 crocodiles (Lair:2)
  6 giant frogs
  3 scorpions
  2 wights (D:6)
  2 crimson imps
  3 hounds
  A giant frog zombie (D:6)
  A jelly (D:4)
  A lava snake (Lair:4)
  A centaur skeleton (D:4)
  A goliath beetle (D:7)
  2 iguanas
  Crazy Yiuf (D:6)
  3 orc wizards
  7 worker ants
  A green rat (Lair:1)
  10 adders
  2 giant mites
  A shadow imp (D:6)
  2 worms
  2 orc skeletons
  3 giant geckos
  4 oozes
  20 orcs
  3 ball pythons
  15 bats
  5 giant cockroaches
  11 goblins
  11 hobgoblins
  5 jackals
  20 kobolds
  6 quokkas
  6 giant newts
  A hobgoblin zombie (D:6)
  14 rats
203 creatures vanquished.

Vanquished Creatures (collateral kills)
  The ghost of heinrich the Brawler, a powerful TrMo (Lair:7)
  3 hydras
  A catoblepas (Lair:7)
  A hill giant (D:8)
  A griffon (Lair:4)
  3 elephants (Lair:4)
  6 spiny frogs
  3 black mambas
  3 komodo dragons
  10 blink frogs
  A wandering mushroom (Lair:7)
  3 basilisks
  A fire bat (Lair:4)
  A hippogriff (Lair:5)
  29 yaks
  10 wolves
  8 water moccasins
  4 nagas (Lair:3)
  3 porcupines
  A steam dragon (Lair:8)
  4 orc warriors
  A small abomination (Lair:7)
  3 big kobolds (D:8)
  An ogre (D:6)
  9 crocodiles
  3 boring beetles
  Blork the orc (D:7)
  6 giant frogs
  A scorpion (D:6)
  3 electric eels
  A wight (D:6)
  A crimson imp (D:5)
  9 hounds
  3 iguanas
  A jelly (D:5)
  2 orc priests
  A giant frog skeleton (D:5)
  3 orc wizards (D:8)
  14 sheep
  8 green rats (Lair:1)
  3 adders
  An adder skeleton (D:8)
  8 orcs
  A bat zombie (D:6)
  3 quokkas
  2 kobolds
  A rat (D:6)
187 creatures vanquished.

Vanquished Creatures (others)
  A manticore (Lair:7)
  38 ice beasts
  2 eldritch tentacle segments (Lair:8)
  A fungus (Lair:8)
  A plant (Lair:7)
43 creatures vanquished.

Grand Total: 433 creatures vanquished

Notes
Turn   | Place    | Note
--------------------------------------------------------------
     0 | D:1      | Johnny, the Demigod Ice Elementalist, began the quest for the Orb.
     0 | D:1      | Reached XP level 1. HP: 14/14 MP: 3/3
   339 | D:1      | Reached XP level 2. HP: 13/22 MP: 2/4
   542 | D:1      | Reached skill level 3 in Ice Magic
   663 | D:1      | Reached skill level 1 in Fighting
  1170 | D:2      | Reached XP level 3. HP: 26/28 MP: 8/8
  1703 | D:2      | Found a white marble altar of Elyvilon.
  2042 | D:3      | Reached skill level 1 in Armour
  2065 | D:3      | Reached XP level 4. HP: 23/35 MP: 10/10
  2084 | D:3      | Learned a level 4 spell: Summon Ice Beast
  2819 | D:4      | Noticed an ogre
  2832 | D:4      | Killed an ogre
  2832 | D:4      | Reached skill level 1 in Summonings
  2832 | D:4      | Reached XP level 5. HP: 26/41 MP: 6/12
  3234 | D:4      | Reached XP level 6. HP: 23/48 MP: 1/15
  3505 | D:4      | Noticed ch1llma's ghost (average HOFi)
  3516 | D:5      | Entered Level 5 of the Dungeon
  4002 | D:5      | Reached skill level 4 in Ice Magic
  4170 | D:5      | Reached XP level 7. HP: 45/56 MP: 18/18
  4371 | D:6      | Found Tapuimp's General Store.
  4388 | D:6      | Bought a +0 ring mail of poison resistance for 96 gold pieces
  4592 | D:6      | Reached skill level 1 in Evocations
  4796 | D:6      | Found Guwixuad's Antique Armour Shop.
  5222 | D:6      | Noticed Crazy Yiuf
  5228 | D:6      | Killed Crazy Yiuf
  5390 | D:7      | Found a staircase to the Ecumenical Temple.
  5462 | D:7      | Reached XP level 8. HP: 28/63 MP: 5/20
  5657 | D:6      | Bought a pair of embroidered gloves for 103 gold pieces
  5836 | D:7      | Learned a level 3 spell: Ozocubu's Armour
  5841 | D:7      | Learned a level 4 spell: Throw Icicle
  5967 | D:7      | Reached skill level 1 in Conjurations
  6106 | D:7      | Noticed Blork the orc
  6121 | D:7      | Killed Blork the orc
  6129 | D:7      | Found a deep blue altar of Sif Muna.
  6435 | D:7      | Found a burning altar of Makhleb.
  6768 | D:8      | Noticed a troll
  6780 | D:8      | Killed a troll
  6780 | D:8      | Reached skill level 1 in Charms
  6780 | D:8      | Reached skill level 5 in Ice Magic
  6977 | D:8      | Found a staircase to the Lair.
  7067 | D:8      | Noticed a hill giant
  7081 | D:8      | Killed a hill giant
  7081 | D:8      | Reached XP level 9. HP: 50/71 MP: 3/23
  7466 | D:8      | Noticed a three-headed hydra
  7478 | D:8      | Killed a three-headed hydra
  7930 | Lair:1   | Entered Level 1 of the Lair of Beasts
  8130 | Lair:1   | Noticed a komodo dragon
  8145 | Lair:1   | Killed a komodo dragon
  8304 | Lair:1   | Noticed a black mamba
  8321 | Lair:1   | Killed a black mamba
  8462 | Lair:1   | Reached skill level 5 in Fighting
  8793 | Lair:2   | Reached XP level 10. HP: 71/81 MP: 19/25
  8847 | Lair:2   | Reached skill level 6 in Ice Magic
  8848 | Lair:2   | Reached skill level 5 in Spellcasting
  9139 | Lair:2   | Reached skill level 5 in Summonings
 10041 | Lair:3   | Found a staircase to the Snake Pit.
 10072 | Lair:3   | Reached skill level 5 in Dodging
 10732 | Lair:4   | Found a staircase to the Swamp.
 10833 | Lair:4   | Learned a level 6 spell: Monstrous Menagerie
 11334 | Lair:4   | Reached XP level 11. HP: 85/89 MP: 27/27
 11386 | Lair:4   | Noticed a griffon
 11395 | Lair:4   | Killed a griffon
 12980 | Lair:6   | Reached skill level 5 in Stealth
 13374 | Lair:6   | Found a staircase to the Slime Pits.
 13416 | Lair:6   | Found a viscous altar of Jiyva.
 13656 | Lair:7   | Reached skill level 5 in Evocations
 13669 | Lair:7   | Noticed a catoblepas
 13842 | Lair:7   | Reached skill level 7 in Ice Magic
 13889 | Lair:7   | Noticed a six-headed hydra
 13978 | Lair:7   | Noticed heinrich's ghost (powerful TrMo)
 14098 | Lair:7   | Reached skill level 5 in Conjurations
 14298 | Lair:7   | Killed a catoblepas
 14413 | Lair:7   | Killed a six-headed hydra
 14434 | Lair:7   | Killed heinrich's ghost
 14539 | Lair:7   | Learned a level 4 spell: Airstrike
 14629 | Lair:7   | Reached skill level 5 in Charms
 14857 | Lair:8   | Entered Level 8 of the Lair of Beasts
 15049 | Lair:8   | Noticed a six-headed hydra
 15056 | Lair:8   | Killed a six-headed hydra
 15303 | Lair:8   | Identified a scroll of acquirement
 15405 | Lair:8   | Noticed an eldritch tentacle
 15407 | Lair:8   | HP: 4/91 [eldritch tentacle[miscasting Monstrous Menagerie] (19)]
 15407 | Lair:8   | Mangled by an eldritch tentacle

Action                   |  1- 3 |  4- 6 |  7- 9 | 10-12 || total
-------------------------+-------+-------+-------+-------++-------
Melee: Unarmed           |    12 |       |       |       ||    12
       Short sword       |    85 |       |     9 |       ||    94
       Dagger            |    39 |   162 |    25 |       ||   226
       Long sword        |       |       |   139 |       ||   139
       Mace              |       |       |   144 |   193 ||   337
 Cast: Freeze            |    16 |    48 |     5 |    42 ||   111
       Summon Ice Beast  |       |     1 |    63 |   138 ||   202
       Throw Icicle      |       |       |     4 |    20 ||    24
       Monstrous Menager |       |       |       |     5 ||     5
Evoke: Wand              |       |     1 |     9 |    12 ||    22
  Use: Potion            |       |     4 |       |     2 ||     6
       Scroll            |       |     5 |     9 |    16 ||    30
 Stab: Sleeping          |     4 |     3 |       |     2 ||     9
       Distracted        |       |       |     2 |       ||     2
  Eat: Chunk             |     4 |     8 |    27 |    34 ||    73
       Fruit             |       |       |     2 |     8 ||    10
       Bread ration      |       |       |       |     1 ||     1
